 Dungeon Crawl Stone Soup version 0.21-a0-338-g36cf2fc (webtiles) character file.

465 Cecky the Slasher (level 7, 0/61 HPs)
             Began as a Hill Orc Fighter on Oct 4, 2017.
             Killed by nerve-wracking pain
             ... invoked by Menkaure
              (11 damage)
             ... on level 4 of the Dungeon.
             The game lasted 00:10:01 (3772 turns).

Cecky the Slasher (Hill Orc Fighter)                Turns: 3772, Time: 00:10:01

Health: 0/61       AC:  9    Str: 21    XL:     7   Next: 8%
Magic:  7/7        EV:  6    Int:  8    God:
Gold:   220        SH:  9    Dex: 10    Spells: 6/6 levels left

rFire    . . .     SeeInvis .   a - +0 long sword
rCold    . . .     Gourm    .   c - +0 shield
rNeg     . . .     Faith    .   d - +0 chain mail
rPois    .         Spirit   .   (no helmet)
rElec    .         Reflect  .   (no cloak)
rCorr    .         Harm     .   (no gloves)
MR       .....                  (no boots)
Stlth    ..........             (no amulet)
HPRegen  0.20/turn              (no ring)
MPRegen  0.10/turn              (no ring)

@: hasted, very quick
A: no striking features
a: no special abilities


You were on level 4 of the Dungeon.
You were hungry.

You visited 1 branch of the dungeon, and saw 4 of its levels.

You collected 220 gold pieces.

Inventory:

Hand Weapons
 a - a +0 long sword (weapon)
Armour
 c - a +0 shield (worn)
 d - a +0 chain mail (worn)
Jewellery
 r - an uncursed amulet of rage
 v - an uncursed ring of poison resistance {unknown}
Wands
 x - a wand of paralysis (18/24)
Scrolls
 l - 2 scrolls of enchant armour {unknown}
 m - 2 scrolls of blinking {unknown}
 s - 4 scrolls of identify
 t - a scroll of remove curse {unknown}
 w - a scroll of noise {unknown}
 y - a scroll of fog {unknown}
Potions
 e - a potion of berserk rage {unknown}
 g - 2 potions of flight
 h - a potion of brilliance
 j - 5 potions of curing
 k - a potion of lignification
 q - a potion of haste
 u - a potion of mutation {unknown}
 z - 2 potions of agility {unknown}
Comestibles
 f - 3 bread rations
 o - a fruit
 p - 3 meat rations


   Skills:
 + Level 5.0 Fighting
 * Level 5.4 Long Blades
 + Level 5.1 Armour
 - Level 1.2 Dodging
 - Level 4.0 Shields


You had 6 spell levels left.
You didn't know any spells.

Dungeon Overview and Level Annotations

Branches:
Dungeon (4/15)
 Temple: D:4-7

Altars:
Vehumet

Annotations:
D:4 Menkaure


Message History

The adder is almost dead.
You block the adder's attack.
Your shield and chain mail prevent you from hitting the adder.
The adder is almost dead.
The adder bites you but does no damage. x2
You slash the adder!
You kill the adder!
You hit Menkaure but do no damage. You block Menkaure's attack.
Your shield and chain mail prevent you from hitting Menkaure.
Menkaure hits you!
* * * LOW HITPOINT WARNING * * *
You slash Menkaure!
Menkaure is moderately damaged.
Menkaure gestures at you while chanting.
You struggle to resist.
You barely miss Menkaure.
Menkaure is moderately damaged.
Menkaure gestures at you while chanting.
Pain shoots through your body!
You die...

..#.... ..... #.####...
....../.# #######..#
.........# ###
#######.## ....#######M#
....#....##@########
...................#####
....#....##.####.......#
. #....##.# #.......##
#....##.# #........#
#....##.######.####.#
###.........##.# ##.##
#.......(.##.# #...#
#............###.©.##


You could see Menkaure.

Vanquished Creatures
  2 fire bats (D:4)
  8 gnolls
  A howler monkey skeleton (D:4)
  3 adders
  2 worms
  3 dart slugs
  3 leopard geckos
  7 giant cockroaches
  7 goblins
  5 hobgoblins
  6 kobolds
  A ball python (D:1)
  6 bats
  6 frilled lizards
  6 rats
66 creatures vanquished.

Notes
Turn   | Place    | Note
-------+----------+-------------------------------------------
     0 | D:1      | Cecky the Hill Orc Fighter began the quest for the Orb.
     0 | D:1      | Reached XP level 1. HP: 19/19 MP: 1/1
   179 | D:1      | Reached XP level 2. HP: 23/27 MP: 2/2
   484 | D:1      | Reached XP level 3. HP: 33/33 MP: 3/3
  1679 | D:3      | Reached XP level 4. HP: 40/40 MP: 4/4
  2059 | D:3      | Reached skill level 1 in Dodging
  2724 | D:3      | Reached XP level 5. HP: 46/46 MP: 5/5
  3148 | D:4      | Found a transporter.
  3170 | D:4      | Found a transporter.
  3170 | D:4      | Noticed a fire bat
  3170 | D:4      | Noticed a fire bat
  3178 | D:4      | HP: 1/46 [fire bat (3)]
  3188 | D:4      | Killed a fire bat
  3188 | D:4      | Reached XP level 6. HP: 15/53 MP: 6/6
  3196 | D:4      | Killed a fire bat
  3196 | D:4      | Reached skill level 5 in Fighting
  3196 | D:4      | Reached skill level 5 in Long Blades
  3196 | D:4      | Reached skill level 5 in Armour
  3196 | D:4      | Reached XP level 7. HP: 25/61 MP: 7/7
  3746 | D:4      | Found a radiant altar of Vehumet.
  3752 | D:4      | Noticed Menkaure
  3772 | D:4      | Killed from afar by Menkaure

Vault maps used:
D:1:      minmay_arrival_open_corners, dk_noncrumbling_4
D:4:      gammafunk_cloud_chamber, vehumet_altar_wand_db,
          overflow_temple_1_default, fedhas_altar_fruit_tree, uniq_edmund,
          uniq_menkaure

Skill      XL: |  1  2  3  4  5  6 |
---------------+-------------------+-----
Fighting       | 4 5 |  5.0
Long Blades    | 3 4 5 |  5.4
Shields        | 4 |  4.0
Dodging        | 1 |  1.2
Armour         | 4 5 |  5.1

Action                   |  1- 3 |  4- 6 |  7- 9 || total
-------------------------+-------+-------+-------++-------
Melee: Long sword        |   137 |   104 |    20 ||   261
  Use: Scroll            |     3 |       |       ||     3
       Potion            |       |     9 |     1 ||    10
  Eat: Chunk             |     3 |     5 |       ||     8
       Fruit             |       |       |     1 ||     1
Armor: Scale mail        |    76 |    22 |       ||    98
       Skin              |       |    19 |       ||    19
       Chain mail        |       |       |     7 ||     7
Dodge: Dodged            |    40 |    39 |     7 ||    86
Block: Shield            |    70 |    54 |     9 ||   133
       Rpst.: Long sword |    11 |    13 |     4 ||    28

Table legend:
 A = Spawn XP
 B = Non-spawn XP
 C = Spawn XP percentage of total XP
 D = Spawn monster count
 E = Non-spawn monster count
 F = Spawn count percentage of total count
 G = Total turns spent on level
                    A         B        C        D         E        F      G
               +---------+---------+-------+---------+---------+-------+---------
         Total |       0 |     665 |   0.0 |       0 |      66 |   0.0 |  3772
               +---------+---------+-------+---------+---------+-------+---------
           D:1 |       0 |      38 |   0.0 |       0 |      23 |   0.0 |   668
           D:2 |       0 |      60 |   0.0 |       0 |      17 |   0.0 |  1194
           D:3 |       0 |     141 |   0.0 |       0 |      20 |   0.0 |  1181
           D:4 |       0 |     426 |   0.0 |       0 |       6 |   0.0 |   729
               +---------+---------+-------+---------+---------+-------+---------
